 Dungeon Crawl Stone Soup version 0.21.1-1-g345015f (webtiles) character file.

228 Kairos the Cudgeler (level 6, -12/72 HPs)
             Began as a Human Monk on Mar 26, 2018.
             Mangled by an ogre
             ... wielding a +0 giant club
              (21 damage)
             ... on level 3 of the Dungeon.
             The game lasted 00:07:38 (3747 turns).

Kairos the Cudgeler (Human Monk)                    Turns: 3747, Time: 00:07:38

Health: -12/72     AC: 23    Str: 13    XL:     6   Next: 23%
Magic:  6/6        EV:  2    Int: 10    God:
Gold:   92         SH:  0    Dex: 16    Spells: 5/5 levels left

rFire    . . .     SeeInvis .   u - +0 flail
rCold    . . .     Gourm    .   (no shield)
rNeg     + + +     Faith    .   (armour currently unavailable)
rPois    +         Spirit   .   (helmet currently unavailable)
rElec    .         Reflect  .   (cloak currently unavailable)
rCorr    .         Harm     .   (gloves currently unavailable)
MR       .....     NoTele   +   (boots currently unavailable)
Stlth    ++........             l - amulet of rage
HPRegen  0.22/turn              (no ring)
MPRegen  0.10/turn              (no ring)

@: tree-form
A: no striking features
a: Evoke Berserk Rage


You were on level 3 of the Dungeon.
You were not hungry.
You were a tree.
You visited 1 branch of the dungeon, and saw 3 of its levels.

You collected 92 gold pieces.

Inventory:

Hand Weapons
 a - a +0 mace
 u - a +0 flail (weapon)
Missiles
 j - 5 poisoned javelins (quivered)
 x - 2 throwing nets
 y - 8 tomahawks
Armour
 b - a +0 robe
 e - a +0 pair of gloves (melded)
 w - a +0 ring mail (melded)
Jewellery
 l - an amulet of rage (around neck)
Scrolls
 d - 2 scrolls of identify
 g - 2 scrolls of amnesia
 h - 2 scrolls of random uselessness {unknown}
 i - a scroll of fog {unknown}
 m - a scroll of enchant weapon {unknown}
 p - 2 scrolls of teleportation {unknown}
 r - a scroll of remove curse {unknown}
 t - a scroll of noise {unknown}
Potions
 f - a potion of might {unknown}
 k - a potion of lignification
 n - a potion of curing {unknown}
 o - a potion of berserk rage {unknown}
 q - a potion of flight {unknown}
 s - a potion of heal wounds {unknown}
 v - a potion of haste {unknown}
Comestibles
 c - 6 rations
 z - 12 chunks of flesh


   Skills:
 + Level 4.0 Fighting
 + Level 4.6 Maces & Flails
 + Level 0.3 Armour
 + Level 3.9 Dodging
 + Level 2.6 Stealth
 + Level 1.0 Evocations


You had 5 spell levels left.
You didn't know any spells.

Dungeon Overview and Level Annotations

Branches:
Dungeon (3/15)

Altars:


Message History

The ogre is moderately wounded.
The ogre hits you with a giant club!
You hit the ogre.
The ogre is moderately wounded.
The ogre hits you with a giant club!
You are too injured to fight recklessly!
You hit the ogre.
The ogre is moderately wounded.
The ogre hits you with a giant club!
* * * LOW HITPOINT WARNING * * *
You hit the ogre.
The ogre is heavily wounded.
The ogre hits you with a giant club!
* * * LOW HITPOINT WARNING * * *
You hit the ogre.
The ogre is heavily wounded.
The ogre hits you but does no damage.
Unknown command.
You fail to use your ability.
The ogre hits you with a giant club!!
You die...

.# #.####..........(............#
.###..............#############.#
.............####.# #.#
.##.#####.#### #.# ###.# )##)#
#.# #.# #.... .##.# #.# #.#
#####.#.# .##.# #.# #.# #........
.##.# #.# ##O#######.###.#.#
.##.# #.######♣#÷g.g.P........(
.##.#####.#......#...O≈g≈≈≈≈≈≈≈≈≈
............####.#....≈≈≈≈≈≈≈≈≈≈≈
###.#.....### ###....≈≈#####≈≈≈≈
#.#.##### #....≈≈#.gg#.... #.#.#
#....≈≈#...##### #.#.#
#...P≈≈###'# #.#.########
#....≈≈≈.#.#
#.#........#####....≈≈≈.#


You could see an ogre.

Vanquished Creatures
  An orc wizard (D:3)
  4 gnolls (D:3)
  5 adders
  2 oozes (D:1)
  2 worms
  A leopard gecko (D:1)
  11 orcs (D:3)
  6 bats
  6 giant cockroaches
  10 hobgoblins
  16 jackals
  A quokka (D:2)
  4 frilled lizards
  7 goblins
  9 kobolds
  6 rats
91 creatures vanquished.

Notes
Turn   | Place    | Note
-------+----------+-------------------------------------------
     0 | D:1      | Kairos the Human Monk began the quest for the Orb.
     0 | D:1      | Reached XP level 1. HP: 18/18 MP: 1/1
    92 | D:1      | Reached XP level 2. HP: 18/24 MP: 2/2
   689 | D:1      | Reached XP level 3. HP: 27/29 MP: 3/3
  1628 | D:2      | Reached XP level 4. HP: 30/35 MP: 4/4
  2496 | D:3      | Reached XP level 5. HP: 42/42 MP: 5/5
  3317 | D:3      | Reached skill level 1 in Evocations
  3503 | D:3      | Reached XP level 6. HP: 47/48 MP: 6/6
  3693 | D:3      | Noticed an ogre
  3747 | D:3      | Mangled by an ogre

Skill      XL: |  1  2  3  4  5 |
---------------+----------------+-----
Fighting       | 4 |  4.0
Maces & Flails | 4 |  4.6
Evocations     | 1 |  1.0
Armour         | |  0.3
Dodging        | |  3.9
Stealth        | |  2.6

Action                   |  1- 3 |  4- 6 || total
-------------------------+-------+-------++-------
Melee: Mace              |   117 |    86 ||   203
       Flail             |       |    90 ||    90
Throw: Javelin           |       |     3 ||     3
 Abil: Evoke Berserk Rag |       |     4 ||     4
  Use: Scroll            |       |     2 ||     2
       Potion            |       |     1 ||     1
 Stab: Distracted        |     1 |       ||     1
       Sleeping          |     5 |     1 ||     6
  Eat: Chunk             |     2 |    11 ||    13
Armor: Robe              |    37 |    20 ||    57
       Ring mail         |       |    31 ||    31
       Skin              |       |     4 ||     4
Dodge: Dodged            |   104 |   148 ||   252
